AoeStats
← Tronix661

Oasis

508321342Analyzed
2v2 RM · 12d ago on Sep 21, 2026· 47m 46s· 4 players
Game mode
Random Map
Map size
Medium (4 player)
Population
200
Speed
Normal
Resources
Standard
Victory
Conquest
Starting age
Dark Age
Ending age
Imperial Age
RankedLock teamsTeams togetherTeam positionsShared explorationLock speedFull tech treeHidden civsTurbo modeCheats
Victory
Defeat
🇦🇷 Franks · Argentina
962
+14
🇺🇸 Celts · United States
917
+15
🇨🇱 Vikings · Chile
928
-15
🇨🇱 Aztecs · Chile
902
-14
Tim the Enchanter
1:48 Loom
12:03 Feudal Age
12:28 Horse Collar
12:41 Gold Mining
12:47 Double-Bit Axe
22:09 Castle Age
20:24 Stone Mining
21:01 Scale Mail Armor
22:41 Forging
23:52 Stone Shaft Mining
23:53 Gold Shaft Mining
23:07 Arson
24:56 Heavy Plow
26:56 Caravan
27:16 Pikeman
28:01 Treadmill Crane
29:01 Town Watch
37:40 Imperial Age
38:11 Chain Mail Armor
38:31 Iron Casting
37:50 Fletching
37:42 Capped Ram
38:53 Bow Saw
40:30 Wheelbarrow
41:11 Hoardings
40:59 Conscription
40:34 Heavy Scorpion
42:41 Masonry
42:27 Murder Holes
42:10 Light Cavalry
42:50 Husbandry
43:09 Hand Cart
42:56 Bodkin Arrow
43:27 Ballistics
43:18 Fortified Wall
43:29 Halberdier
44:51 Plate Mail Armor
45:10 Furor Celtica
46:42 Hoardings
47:07 Siege Ram
47:08 Heavy Scorpion
47:40 Onager
jhonzx_11
11:09 Feudal Age
18:27 Castle Age
16:49 Double-Bit Axe
17:02 Gold Mining
19:44 Bow Saw
20:34 Stone Mining
22:55 Wheelbarrow
23:13 Gold Shaft Mining
26:22 Hand Cart
31:53 Husbandry
35:05 Imperial Age
34:32 Fortified Wall
34:43 Ballistics
34:42 Forging
34:38 Scale Barding Armor
36:00 Iron Casting
36:06 Conscription
35:49 Chivalry
36:54 Chemistry
35:17 Cavalier
36:46 Heavy Scorpion
36:50 Paladin
41:18 Blast Furnace
40:39 Chain Barding Armor
Charlitos22
12:27 Feudal Age
17:31 Castle Age
17:23 Town Watch
17:24 Loom
17:40 Stone Mining
19:17 Stone Shaft Mining
20:06 Horse Collar
20:23 Gold Mining
24:59 Gold Shaft Mining
24:56 Double-Bit Axe
27:47 Wheelbarrow
30:27 Bow Saw
30:38 Forging
30:31 Scale Mail Armor
31:43 Heavy Plow
31:56 Caravan
32:43 Atlatl
37:52 Imperial Age
35:40 Hand Cart
38:15 Town Patrol
38:41 Ballistics
38:02 Treadmill Crane
42:40 Capped Ram
45:58 Elite Jaguar Warrior
46:59 Garland Wars
Tronix661
8:40 Loom
11:05 Feudal Age
11:46 Double-Bit Axe
19:09 Castle Age
17:33 Horse Collar
20:19 Bow Saw
19:39 Pikeman
23:56 Heavy Plow
24:05 Gold Mining
25:38 Town Watch
25:56 Crossbowman
27:34 Scale Mail Armor
27:46 Stone Mining
29:40 Chain Mail Armor
33:17 Imperial Age
32:31 Gold Shaft Mining
33:17 Ballistics
33:16 Fletching
33:27 Padded Archer Armor
34:22 Conscription
34:48 Crop Rotation
34:52 Squires
35:25 Plate Mail Armor
36:09 Leather Archer Armor
37:01 Two-Man Saw
36:36 Arson
38:08 Chemistry
38:22 Town Patrol
38:56 Forging
39:42 Gambesons
40:38 Iron Casting
42:56 Elite Berserk
44:04 Chieftains
46:05 Blast Furnace
45:53 Capped Ram
Connection lost

Rejoining the realm…

Still unreachable

The connection could not be restored.

Session expired

The server has moved on; the page needs a fresh start.